 Dungeon Crawl Stone Soup version 0.21.1-1-g345015f (webtiles) character file.

2917 sankara the Fighter (level 9, -1/97 HPs)
             Began as a Troll Berserker on Apr 19, 2018.
             Was a High Priest of Trog.
             Slain by a two-headed ogre
             ... wielding a +0 giant spiked club
              (18 damage)
             ... on level 8 of the Dungeon on Apr 20, 2018.
             The game lasted 00:30:33 (6528 turns).

sankara the Fighter (Troll Berserker)               Turns: 6528, Time: 00:30:34

Health: -1/97      AC:  5    Str: 29    XL:     9   Next: 50%
Magic:  8/8        EV: 15    Int:  4    God:    Trog [*****.]
Gold:   233        SH:  0    Dex:  9    Spells: 8/8 levels left

rFire    . . .     SeeInvis .     - Unarmed
rCold    . . .     Gourm    +   (no shield)
rNeg     . . .     Faith    .   M - +0 robe (curse)
rPois    .         Spirit   .   (helmet restricted)
rElec    .         Reflect  .   (no cloak)
rCorr    .         Harm     .   (gloves unavailable)
MR       .....                  (boots unavailable)
Stlth    +.........             o - amulet of rage {+Rage, !d}
HPRegen  0.66/turn              s - +5 ring of evasion
MPRegen  0.11/turn              (no ring)

@: no status effects
A: large, unfitting armour, claws 3, fast metabolism 3, gourmand, regeneration
1, shaggy fur 1, tough skin 2
a: Berserk, Trog's Hand, Brothers in Arms, Burn Spellbooks, Renounce Religion,
Evoke Berserk Rage


You were on level 8 of the Dungeon.
You worshipped Trog.
Trog was extremely pleased with you.
You were near starving.

You visited 2 branches of the dungeon, and saw 9 of its levels.
You also visited: Ossuary.

You collected 387 gold pieces.
You spent 154 gold pieces at shops.

Inventory:

Missiles
 g - 114 stones (quivered)
 q - 5 javelins of penetration
 D - 10 tomahawks of dispersal {=f}
 I - 3 curare-tipped needles
Armour
 L - a +0 buckler
   (You found it on level 7 of the Dungeon)
 M - a cursed +0 robe (worn)
   (You found it on level 7 of the Dungeon)
Jewellery
 o - an amulet of rage (around neck) {+Rage, !d}
   (You found it on level 3 of the Dungeon)
 s - a +5 ring of evasion (left claw)
   (You found it on level 3 of the Dungeon)
 u - an uncursed ring of fire {rF+, rC-}
   (You found it on level 3 of the Dungeon)
 E - a +2 ring of slaying {unknown}
   (You found it on level 6 of the Dungeon)
Wands
 v - a wand of enslavement (10)
   (You found it on level 4 of the Dungeon)
 y - a wand of polymorph (22)
   (You found it on level 5 of the Dungeon)
 J - a wand of iceblast (4)
   (You found it on level 7 of the Dungeon)
Scrolls
 d - 5 scrolls of identify {unknown}
 f - 2 scrolls of magic mapping {unknown}
 h - 4 scrolls of enchant weapon {unknown}
 j - 5 scrolls of teleportation {unknown}
 k - a scroll of enchant armour {unknown}
 l - 2 scrolls of remove curse {unknown}
 n - 6 scrolls of amnesia {unknown}
 t - 3 scrolls of blinking {unknown}
 w - 2 scrolls of immolation {unknown}
 A - a scroll of vulnerability {unknown}
 C - a scroll of random uselessness {unknown}
 F - 2 scrolls of fog {unknown}
Potions
 c - a potion of resistance {unknown}
 e - 6 potions of curing
 i - 4 potions of flight {unknown}
 m - a potion of cancellation {unknown}
 p - a potion of berserk rage {unknown}
 r - a potion of lignification {unknown}
 x - 2 potions of mutation {unknown}
 z - 5 potions of heal wounds
 B - a potion of brilliance {unknown}
 H - 3 potions of might {unknown}
 K - a potion of haste {unknown}
Books
 G - a book of Power
   (You found it on level 6 of the Dungeon)
Comestibles
 b - 17 rations


   Skills:
 + Level 8.4 Fighting
 + Level 8.4 Throwing
 - Level 2.4 Dodging
 - Level 3.0 Unarmed Combat


You had 8 spell levels left.
You didn't know any spells.

Dungeon Overview and Level Annotations

Branches:
Dungeon (8/15)             Temple (1/1) D:6
   Lair: D:8-11

Altars:
Ashenzari
Dithmenos
Elyvilon
Fedhas
Hepliaklqana
Kikubaaqudgha
Makhleb
Nemelex Xobeh
Okawaru
Qazlal
Ru
Sif Muna
Trog
Uskayaw
Vehumet
Wu Jian
Xom
Yredelemnul
Zin
The Shining One

Shops:
D:4 !   D:5 (


Innate Abilities, Weirdness & Mutations

You are too large for most types of armour.
You have claws for hands.
Your metabolism is lightning-fast.
You like to eat raw meat.
Your natural rate of healing is unusually fast.
You are covered in fur. (AC +1)
You have very tough skin. (AC +2)


Message History

You claw the hungry ghost!
The hungry ghost is moderately damaged.
The hungry ghost misses you.
You closely miss the hungry ghost.
The hungry ghost is moderately damaged.
The hungry ghost closely misses you.
You mangle the hungry ghost!!
The hungry ghost is almost destroyed.
The hungry ghost hits you.
You are near starving!
You claw the hungry ghost!
You destroy the hungry ghost!
Trog accepts your kill.
g - 112 stones (gained 2)
g - 113 stones (gained 1) HP restored.
g - 114 stones (gained 1)
g - 115 stones (gained 1)
g - 116 stones (gained 1)
g - 117 stones (gained 1)
An orc priest comes into view. It is wielding a club.
The orc priest shouts!
You hear a shout!
You hear two shouts!
You hear a shout!
You hear a bark!
Found a stone staircase leading down.
An orc priest comes into view. It is wielding a dagger.
You see here 2 stones.
Throwing (i - inventory. (,) - cycle):
g - 117 stones (quivered)
Press: ? - help, Shift-Dir - straight line, f - orc priest
Aim: an orc priest, wielding a club You throw a stone.
The stone barely misses the orc priest. x2
Throwing (i - inventory. (,) - cycle):
g - 116 stones (quivered)
Press: ? - help, Shift-Dir - straight line, f/p - orc priest
Aim: an orc priest, wielding a club You throw a stone.
The stone closely misses the orc priest.
Throwing (i - inventory. (,) - cycle):
g - 115 stones (quivered)
Press: ? - help, Shift-Dir - straight line, f/p - orc priest
Aim: an orc priest, wielding a club You throw a stone.
The stone barely misses the orc priest.
The orc priest mumbles some strange prayers to Beogh against you.
You struggle to resist.
The orc priest mumbles some strange prayers to Beogh against you.
Beogh smites you!
A hound comes into view.
The hound barks!
The orc priest hits you with a dagger. The orc priest misses you.
You claw the orc priest!
The orc priest is heavily wounded.
The orc priest hits you but does no damage.
A two-headed ogre comes into view.
It is wielding a giant spiked club and a giant club.
You claw the orc priest!
You kill the orc priest!
Trog accepts your kill. The orc priest misses you.
An orc wizard comes into view. It is wielding a dagger.
The orc wizard shouts!
You scratch the orc priest but do no damage.
The orc priest closely misses you.
You claw the orc priest!
The orc priest is severely wounded.
The orc wizard casts a spell.
The orc wizard flickers and vanishes!
Deactivating autopickup; reactivate with Ctrl-A.
The orc priest barely misses you.
You scratch the orc priest.
You kill the orc priest!
Trog accepts your kill. The two-headed ogre misses you.
The two-headed ogre hits you with a giant club!
You claw the two-headed ogre!
The two-headed ogre is lightly wounded.
The hound closely misses you.
You claw the two-headed ogre!
The two-headed ogre is moderately wounded.
The two-headed ogre hits you with a giant spiked club!!
The two-headed ogre misses you. The hound completely misses you.
You claw the two-headed ogre!
The two-headed ogre is heavily wounded.
The hound barely misses you.
The two-headed ogre hits you with a giant spiked club!
The two-headed ogre hits you but does no damage.
The hound misses you.
You claw the two-headed ogre!
The two-headed ogre is severely wounded.
The hound barely misses you.
The two-headed ogre hits you with a giant spiked club!
The two-headed ogre barely misses you. The hound closely misses you.
You closely miss the hound. You claw the two-headed ogre!
The two-headed ogre is almost dead.
You scratch the two-headed ogre.
The two-headed ogre is almost dead.
The two-headed ogre hits you with a giant spiked club!!
* * * LOW HITPOINT WARNING * * *
The two-headed ogre barely misses you.
The hound stops to sniff the ground.
The two-headed ogre misses you.
The two-headed ogre hits you with a giant club!!
You die...

... #.####
#>)..# .#
#.##.## .#
#.##..###.#
#.(.......###
#......?....#
#..hO.......#
#....@...(..#
#.!..####......#
#....#
##.....#.#...##
#....#
#.....#.#.....
#....#
####....#.#.....
#.....
#............(..
#...
#.#.#.###.......
# #.#...........
#.#..#........


You could see a two-headed ogre and a hound.

Vanquished Creatures
  The ghost of Hasart the Cutter, a novice KoAr of Okawaru (D:6)
  A hungry ghost (D:8)
  Menkaure (D:4)
  An ice beast (D:6)
  A sky beast (D:5)
  A phantom (D:4)
  A hornet zombie (D:6)
  5 ogres
  A centaur (D:5)
  A crocodile (D:8)
  A big kobold (D:6)
  2 bullfrogs
  A water moccasin zombie (Ossuary)
  2 vampire bats (D:6)
  A crimson imp (D:6)
  3 hounds
  A jelly (D:3)
  3 orc priests
  5 orc wizards
  Jessica (D:3)
  A centaur skeleton (D:4)
  Natasha (thrice) (D:3 D:6)
  6 worker ants
  5 big kobold zombies (Ossuary)
  A hound skeleton (D:4)
  2 mummies (Ossuary)
  8 gnolls
  5 adders
  A shadow imp (D:5)
  5 adder zombies (Ossuary)
  An adder skeleton (D:5)
  2 worms
  A dart slug (D:2)
  5 leopard geckos
  24 orcs
  4 bat skeletons (D:6)
  2 bat zombies (D:6)
  2 giant cockroaches
  3 gnoll zombies (Ossuary)
  11 goblins
  5 hobgoblins
  7 jackals
  7 quokkas
  6 bats
  4 frilled lizards
  7 hobgoblin zombies
  A jackal skeleton (D:4)
  11 kobolds
  3 kobold zombies
  A leopard gecko zombie (D:7)
  5 orc zombies (Ossuary)
  A quokka skeleton (D:6)
  9 rats
193 creatures vanquished.

Notes
Turn   | Place    | Note
-------+----------+-------------------------------------------
     0 | D:1      | sankara the Troll Berserker began the quest for the Orb.
     0 | D:1      | Reached XP level 1. HP: 22/22 MP: 0/0
   136 | D:1      | Reached skill level 3 in Fighting
   136 | D:1      | Reached XP level 2. HP: 27/31 MP: 1/1
   315 | D:1      | Reached ** piety under Trog
   652 | D:1      | Reached skill level 1 in Throwing
   732 | D:2      | Reached XP level 3. HP: 37/37 MP: 2/2
  1410 | D:3      | Reached XP level 4. HP: 45/45 MP: 3/3
  1447 | D:3      | Reached skill level 2 in Throwing
  1798 | D:3      | Noticed Jessica
  1800 | D:3      | Noticed Natasha
  1809 | D:3      | Killed Jessica
  1809 | D:3      | Reached skill level 4 in Fighting
  1809 | D:3      | Reached XP level 5. HP: 54/54 MP: 4/4
  1813 | D:3      | Killed Natasha
  1860 | D:3      | Found a burning altar of Makhleb.
  1866 | D:3      | Reached skill level 3 in Throwing
  2076 | D:4      | Noticed an ogre
  2155 | D:4      | Killed an ogre
  2155 | D:4      | Reached XP level 6. HP: 38/63 MP: 5/5
  2492 | D:4      | Found Gaujaut's Distillery.
  2492 | D:4      | Noticed Menkaure
  2501 | D:4      | HP: 13/63 [??? (11)]
  2503 | D:4      | Killed Menkaure
  2503 | D:4      | Reached *** piety under Trog
  2503 | D:4      | Reached skill level 5 in Fighting
  2503 | D:4      | Reached skill level 4 in Throwing
  2538 | D:4      | Bought 2 potions of heal wounds for 110 gold pieces
  2538 | D:4      | Bought a potion of curing for 33 gold pieces
  2538 | D:4      | Bought a potion of degeneration for 11 gold pieces
  2655 | D:4      | Reached XP level 7. HP: 48/72 MP: 6/6
  2938 | D:5      | Entered Level 5 of the Dungeon
  2946 | D:5      | Received a gift from Trog
  3206 | D:5      | Reached skill level 5 in Throwing
  3512 | D:5      | Reached skill level 6 in Fighting
  3521 | D:5      | Reached XP level 8. HP: 55/83 MP: 7/7
  3652 | D:5      | Found Lase's Antique Weapon Shop.
  3950 | D:5      | Reached skill level 6 in Throwing
  4099 | D:6      | Noticed Natasha
  4111 | D:6      | Killed Natasha
  4142 | D:6      | Noticed Natasha
  4153 | D:6      | Killed Natasha
  4194 | D:6      | Reached skill level 7 in Fighting
  4241 | D:6      | Noticed Hasart's ghost (novice KoAr)
  4271 | D:6      | HP: 21/87 [poisoned by Hasart's ghost]
  4275 | D:6      | Killed Hasart's ghost
  4275 | D:6      | Reached skill level 7 in Throwing
  4362 | D:6      | Reached XP level 9. HP: 62/93 MP: 8/8
  4363 | D:6      | Reached **** piety under Trog
  4466 | D:6      | Found a bloodstained altar of Trog.
  4622 | D:6      | Found a staircase to the Ecumenical Temple.
  4678 | D:6      | Found a sand-covered staircase.
  4692 | Ossuary  | Entered an ossuary
  4867 | Ossuary  | Reached ***** piety under Trog
  5118 | D:6      | Found an ancient bone altar of Kikubaaqudgha.
  5124 | D:6      | Reached skill level 8 in Fighting
  5342 | Temple   | Entered the Ecumenical Temple
  5566 | D:7      | Reached skill level 8 in Throwing
  5995 | D:7      | Found a shimmering altar of Xom.
  6512 | D:8      | Noticed a two-headed ogre
  6523 | D:8      | HP: 14/97 [two-headed ogre/giant spiked club (19)]
  6528 | D:8      | Slain by a two-headed ogre

Skill      XL: |  1  2  3  4  5  6  7  8  9 |
---------------+----------------------------+-----
Fighting       | 3 4 5 6 7 8 |  8.4
Throwing       | 1 2 3 4 5 7 8 |  8.4
Dodging        | |  2.4
Unarmed Combat | |  3.0

Action                   |  1- 3 |  4- 6 |  7- 9 || total
-------------------------+-------+-------+-------++-------
Melee: Unarmed           |    78 |   115 |   445 ||   638
       Punch             |     3 |     2 |     9 ||    14
Throw: Stone             |    46 |    77 |   113 ||   236
Invok: Trog's Hand       |       |     1 |       ||     1
  Use: Potion            |       |       |     1 ||     1
 Stab: Sleeping          |       |     1 |       ||     1
  Eat: Chunk             |    17 |    13 |    29 ||    59
       Ration            |       |       |     1 ||     1
Armor: Animal skin       |    31 |    16 |    78 ||   125
       Robe              |       |       |     7 ||     7
Dodge: Dodged            |    40 |    75 |   277 ||   392

Vault maps used:
D:1:      minmay_arrival_plants_in_alcoves, minmay_misc_feat_square
D:3:      makhleb_blood_cavern_becter, uniq_natasha, uniq_jessica
D:4:      serial_shops, nicolae_shop_crystal, uniq_menkaure
D:5:      first_ration, serial_shops, nicolae_shop_waterfront
D:6:      kennysheep_vampire_church, nicolae_overflow_crystal_walls,
          minmay_temple_entry_junction_2, enter_ossuary_3,
          minmay_unpleasant_kobolds
D:7:      kennysheep_mini_moat, serial_curves, eino_curves_02, eino_curves_03,
          eino_curves_01, eino_curves_02
D:8:      nicolae_gozag_seed_capital, slow_altar_1, lair_entry_dummy,
          serial_shops, nicolae_shop_waterfront
Temple:   bh_familiar_temple
Ossuary:  ossuary_tomb_2

Table legend:
 A = Turns spent in this place as a percentage of turns spent in the entire game.
 B = Non-inter-level travel turns spent in this place as a percentage of non-inter-level travel turns spent in the entire game.
 C = Inter-level travel turns spent in this place as a percentage of turns spent in this place.
 D = Turns resting spent in this place as a percentage of non-inter-level travel turns spent in this place.
 E = Turns spent auto-exploring this place as a percentage of non-inter-level travel turns spent in this place.
 F = Non-inter-level travel turns spent in this place divided by the number of levels of this place that you've seen.
                   A       B       C       D       E      F
               +-------+-------+-------+-------+-------+----------------------
         Total | 100.0 | 100.0 |   5.1 |   7.2 |  63.6 | 619.3
       Dungeon |  93.8 |  93.8 |   5.1 |   7.7 |  64.5 | 725.8
        Temple |   3.0 |   2.8 |  10.4 |   0.0 |  98.3 | 173.0
       Ossuary |   3.3 |   3.5 |   0.0 |   0.0 |  10.3 | 214.0
               +-------+-------+-------+-------+-------+----------------------

Table legend:
 A = Kills in this place as a percentage of kills in entire the game.
 B = Kills by you in this place as a percentage of kills by you in the entire game.
 C = Kills by friends in this place as a percentage of kills by friends in the entire game.
 D = Other kills in this place as a percentage of other kills in the entire game.
 E = Experience gained in this place as a percentage of experience gained in the entire game.
 F = Experience gained in this place divided by the number of levels of this place that you have seen.
                   A       B       C       D       E      F
               +-------+-------+-------+-------+-------+----------------------
         Total | 100.0 | 100.0 |   N/A |   N/A | 100.0 | 416.8
       Dungeon |  85.5 |  85.5 |   N/A |   N/A |  93.3 | 486.0
       Ossuary |  14.5 |  14.5 |   N/A |   N/A |   6.7 | 280.0
               +-------+-------+-------+-------+-------+----------------------
